Cogmind - Beta 10.2 @@@ ROGUE MODE // 2021.08.06 @ 20:18:21 Player: PlatypusCo Result: Destroyed by B-36 Bruiser with Hammer Performance ------------- Evolutions (1) 500 Regions Visited (2) 400 Robots Destroyed (38) 190 Value Destroyed (844) 844 Prototype IDs (2) 40 Alien Tech Used (0) 0 Bonus (0) 0 TOTAL SCORE: 1974 Bonus ------- None Cogmind --------- Core Integrity 0/400 Matter 85/300 Energy 94/100 System Corruption 0% Temperature Cool (4) Movement Core (250) Ox4 Location -9/Materials Parts ------- > --- POWER (1) -------- (None) > --- PROPULSION (2) --- (None) > --- UTILITY (3) ------ Small Storage Unit Improved Signal Interpreter Hardened Light Armor Plating > --- WEAPON (3) ------- Assault Cannon > --- INVENTORY (6) ---- Ion Engine Flight Unit Cooling System Sensor Array Peak State ------------ > --- POWER ------------ Improved Ion Engine > --- PROPULSION ------- Aluminum Leg Aluminum Leg > --- UTILITY ---------- Small Storage Unit Improved Signal Interpreter Hardened Light Armor Plating > --- WEAPON ----------- Assault Cannon Assault Cannon Assault Cannon > --- INVENTORY -------- Ion Engine Cooling System Hardened Light Armor Plating Assault Cannon [Rating: 18] Favorites ----------- Power Ion Engine Engine Ion Engine Propulsion Light Treads Treads Light Treads Leg Aluminum Leg Wheel Wheel Utility Small Storage Unit Device Sensor Array Storage Small Storage Unit Processor Improved Signal Interpreter Protection Hardened Light Armor Plating Weapon Assault Rifle Energy Gun EM Pulse Gun Ballistic Gun Assault Rifle Ballistic Cannon Assault Cannon Build | -11 -10 -9 ------- Run | Scr Mat Mat Slots Evolved 2 | . . 2 Power . | . . . Propulsion . | . . . Utility 1 | . . 1 Weapon 1 | . . 1 Parts Attached 32 | 6 4 22 Power 4 | 1 . 3 Engine 4 | 1 . 3 Core . | . . . Reactor . | . . . Propulsion 11 | 2 3 6 Treads 2 | 2 . . Leg 7 | . 3 4 Wheel 2 | . . 2 Hover . | . . . Flight . | . . . Utility 6 | 1 1 4 Device 1 | . 1 . Storage 1 | 1 . . Processor 1 | . . 1 Hackware . | . . . Protection 3 | . . 3 Artifact . | . . . Weapon 11 | 2 . 9 Energy Gun 2 | . . 2 Energy Cannon . | . . . Ballistic Gun 3 | 2 . 1 Ballistic Cannon 6 | . . 6 Launcher . | . . . Special Weapon . | . . . Impact Weapon . | . . . Slashing Weapon . | . . . Piercing Weapon . | . . . Special Melee Weapon . | . . . Unidentified Prototypes . | . . . Parts Lost 11 | . . 11 Power 2 | . . 2 Propulsion 3 | . . 3 Utility 1 | . . 1 Weapon 5 | . . 5 Highest Loss Streak 5 | . . 5 Average Slot Usage (%) 94 | . 96 92 Engine 12 | . 14 10 Treads 12 | . 24 . Leg 10 | . 3 17 Device 9 | . 10 9 Storage 12 | . 14 11 Processor 4 | . . 10 Protection 1 | . . 2 Energy Gun 1 | . . 3 Ballistic Gun 20 | . 28 12 Ballistic Cannon 6 | . . 14 Naked Turns . | . . . Heaviest Build 31 | 13 14 31 Greatest Support 40 | 40 40 20 Greatest Overweight (x) 10 | 4 . 10 Average Overweight (x) . | . . . Largest Inventory Capacity 6 | 6 6 6 Average Capacity 5 | 5 6 6 Most Carried 6 | 5 6 6 Average Carried 5 | 3 5 5 Final Capacity 6 | 6 6 6 Final Carried 6 | 4 6 4 Class Distribution -------------------- 59% | Mutant 18% | Skirmisher 8% | Tank 8% | Scavenger-Skirmisher 4% | Scavenger-Mutant Dominant Class ---------------- Mutant | -10/Materials Skirmisher | -9/Materials Resources | -11 -10 -9 ----------- Run | Scr Mat Mat Matter Collected 953 | 233 284 436 Remotely . | . . . Salvage Created 1085 | . 291 794 Parts 85 | . 20 65 Haulers Intercepted . | . . . Recyclers Shooed 3 | . 2 1 Parts Field Recycled . | . . . Retrieved Matter . | . . . Parts Self-Destructed . | . . . Prevented . | . . . Kills | -11 -10 -9 ------- Run | Scr Mat Mat Combat Hostiles Destroyed 28 | . 8 20 Guns 17 | . 8 9 Cannons 11 | . . 11 Classes Destroyed 7 | . 4 3 Worker 3 | . . 3 Builder 4 | . 1 3 Watcher 3 | . 3 . Swarmer 10 | . 5 5 Grunt 14 | . 3 11 Brawler 1 | . . 1 Sentry 3 | . . 3 Best Kill Streak 6 | . 3 6 Combat Bots Only 5 | . 3 5 Max Kills in Single Turn 2 | . 1 2 Gunslinging . | . . . Exploded . | . . . Melee . | . . . Uniques/NPCs Destroyed . | . . . Combat | -11 -10 -9 -------- Run | Scr Mat Mat Damage Taken 2300 | . 448 1852 Core 510 | . 92 418 Absorbed by Shields . | . . . Core Remaining (%) 81 | 100 63 . Volleys Fired 100 | . 42 58 Largest 3 | . 2 3 Hottest 132 | . 40 132 Shots Fired 219 | . 84 135 Gun 151 | . 84 67 Cannon 68 | . . 68 Launcher . | . . . Special . | . . . Kinetic 200 | . 84 116 Thermal . | . . . Explosive . | . . . Electromagnetic 19 | . . 19 Robot Hit Streak 12 | . 12 8 Robot Miss Streak 8 | . 3 8 Penetration Max . | . . . Secondary Targets 2 | . 1 1 Max Gunslinging Chain 1 | . 1 1 Shots Hit Robots 117 | . 53 64 Core Hits 52 | . 17 35 Critical Hits 2 | . 1 1 Critical Kills 1 | . 1 . Critical Parts Destroyed 1 | . . 1 Melee Attacks . | . . . Impact . | . . . Slashing . | . . . Piercing . | . . . Sneak Attacks . | . . . Combat Hostiles . | . . . Follow-up Attacks . | . . . Damage Inflicted 1870 | . 627 1243 Guns 1124 | . 622 502 Cannons 636 | . . 636 Explosions 90 | . . 90 Melee . | . . . Ramming 20 | . 5 15 Kinetic 1635 | . 622 1013 Thermal 90 | . . 90 Explosive . | . . . Electromagnetic 125 | . . 125 Impact . | . . . Slashing . | . . . Piercing . | . . . Highest Corruption 2 | . 2 . Average Corruption 2 | . 2 . Corruption Purged . | . . . Overload Shots . | . . . Overflow Damage 9 | . . 9 Projectiles . | . . . Explosions 9 | . . 9 Melee . | . . . Knockbacks 4 | . . 4 Impact . | . . . Kinetic 3 | . . 3 Secondary 1 | . . 1 Self-Inflicted Damage 50 | . . 50 Shots 1 | . . 1 Rammed 5 | . 3 2 Targets Rammed 6 | . 3 3 Kicked 1 | . . 1 Crushed . | . . . Highest Temperature 417 | . 3 417 Average Temperature 108 | . 1 111 Received Heat Transfer 582 | . 114 468 Effects 6 | . . 6 Energy Bleed 1 | . . 1 Interference 4 | . . 4 Matter Decay 1 | . . 1 Siege Activations . | . . . Robots Corrupted . | . . . Combat Hostiles . | . . . Parts Fried . | . . . Impact Corruptions . | . . . Robots Melted . | . . . Combat Hostiles . | . . . Parts Melted . | . . . Heat Transferred 150 | . . 150 Parts Sabotaged . | . . . Parts Stolen . | . . . Parts Stripped . | . . . Power Chain Reactions 1 | . . 1 Missiles Intercepted . | . . . Alert | -11 -10 -9 ------- Run | Scr Mat Mat Peak Influence 392 | . 161 392 Initial 43 | . . 43 Average 119 | . 58 218 Maximum Alert Level 1 | . . 1 Low Security (%) 78 | 100 100 49 Level 1 21 | . . 50 Level 2 . | . . . Level 3 . | . . . Level 4 . | . . . Level 5 . | . . . High Security . | . . . Max Security . | . . . Squads Dispatched 7 | . 1 6 Investigation 2 | . 1 1 Extermination . | . . . Reinforcement 5 | . . 5 Assault . | . . . Garrison . | . . . Intercept . | . . . Construction Impeded . | . . . Haulers Reinforced . | . . . Stealth | -11 -10 -9 --------- Run | Scr Mat Mat Distress Signals 4 | . 1 3 Communications Jammed . | . . . Distress Signals . | . . . Times Spotted 51 | . 14 37 Peak Tracking Total 8 | . 3 8 Tactical Retreats 2 | . 2 . Traps | -11 -10 -9 ------- Run | Scr Mat Mat Traps Triggered 1 | . 1 . Indirectly . | . . . Trap Hack Attempts . | . . . Triggered . | . . . Disarmed . | . . . Reprogrammed . | . . . Reused . | . . . Traps Extracted . | . . . Installed . | . . . Triggered . | . . . Machines | -11 -10 -9 ---------- Run | Scr Mat Mat Machines Disabled . | . . . Max in Single Turn . | . . . Machines Sabotaged . | . . . Garrisons Compromised . | . . . Overloaded Fab Kills . | . . . Fab Network Shutdowns . | . . . Hacking | -11 -10 -9 --------- Run | Scr Mat Mat Machines Accessed 6 | . 4 2 Terminals 4 | . 4 . Fabricators . | . . . Repair Stations 1 | . . 1 Recycling Units . | . . . Scanalyzers 1 | . . 1 Garrison Access . | . . . Total Hacks 24 | . 10 14 Successful 15 | . 3 12 Failed 9 | . 7 2 Catastrophic 1 | . 1 . Database Lockouts . | . . . Manual . | . . . Terminals 10 | . 10 . Fabricators . | . . . Repair Stations 5 | . . 5 Recycling Units . | . . . Scanalyzers 9 | . . 9 Garrison Access . | . . . Terminal Hacks 3 | . 3 . Prototype ID Bank 1 | . 1 . Emergency Access Points 1 | . 1 . Locate Traps 1 | . 1 . Fabricator Hacks . | . . . Repair Station Hacks 4 | . . 4 Scan Component 2 | . . 2 Repair 2 | . . 2 Recycling Unit Hacks . | . . . Scanalyzer 8 | . . 8 Insert Component 4 | . . 4 Analyze 4 | . . 4 Garrison Access Hacks . | . . . Unauthorized Hacks . | . . . Terminals . | . . . Fabricators . | . . . Repair Stations . | . . . Recycling Units . | . . . Scanalyzers . | . . . Garrison Access . | . . . Data Cores Recovered . | . . . Used . | . . . Hacking Detections 6 | . 4 2 Full Trace Events 3 | . 1 2 Feedback Events . | . . . Feedback Blocked . | . . . Robot Schematics Acquired . | . . . Robots Built . | . . . Matter . | . . . Time . | . . . Total Robot Build Rating . | . . . Part Schematics Acquired 4 | . . 4 Parts Built . | . . . Matter . | . . . Time . | . . . Total Part Build Rating . | . . . Parts Repaired 2 | . . 2 Time 52 | . . 52 Parts Recycled . | . . . Recycled Matter . | . . . Retrieved Matter . | . . . Retrieved Components . | . . . Parts Scanalyzed 4 | . . 4 Part Schematics Acquired 4 | . . 4 Parts Damaged . | . . . Bothacking | -11 -10 -9 ------------ Run | Scr Mat Mat Used RIF Installer . | . . . Robots Hacked . | . . . Non-combat . | . . . Combat . | . . . Robot Hacks Applied . | . . . Relay Couplers Released . | . . . Robots Rewired . | . . . Allies Hacked . | . . . Hacks Repelled . | . . . Allies | -11 -10 -9 -------- Run | Scr Mat Mat Total Allies . | . . . Largest Group . | . . . Highest-Rated Group . | . . . Highest-Rated Ally . | . . . Total Orders . | . . . Ally Attacks . | . . . Total Damage . | . . . Kills . | . . . Allies Corrupted . | . . . Allies Melted . | . . . Intel | -11 -10 -9 ------- Run | Scr Mat Mat Robot Analysis Total . | . . . Derelict Logs Recovered . | . . . Drone Launches . | . . . Drone Recoveries . | . . . Exploration | -11 -10 -9 ------------- Run | Scr Mat Mat Turns Passed 1211 | 117 589 505 Spaces Moved 555 | 62 290 203 Core 27 | 21 . 6 Treads 281 | 41 240 . Legs 239 | . 50 189 Wheels 8 | . . 8 Hover . | . . . Flight . | . . . Fastest Speed 50 | 50 120 80 Average Speed 147 | 166 153 134 Slowest Speed 550 | 250 160 550 Overloaded Moves . | . . . Propulsion Burnouts . | . . . Robots Hopped . | . . . Cave-ins Triggered . | . . . Exploration Rate (%) 31 | 7 64 24 Regions Visited 2 Branch Regions . Pre-discovered Areas . | . . . Known Exits Taken . | . . . Unknown Exits Taken 2 | 1 1 . Scrap Searched . | . . . Spaces Dug . | . . . Terrain Destroyed 17 | . . 17 Melee . | . . . Projectile 14 | . . 14 AOE 3 | . . 3 Terrain Rammed . | . . . Walls Destroyed . | . . . Machines Disabled . | . . . Actions | -11 -10 -9 --------- Run | Scr Mat Mat Total 750 | 76 351 323 Wait 12 | . 1 11 Move 553 | 61 289 203 Hop . | . . . Pick Up 27 | 9 7 11 Fast Attach 11 | 1 . 10 Attach 15 | 5 3 7 Detach . | . . . Swap 6 | . 1 5 Drop 20 | . 5 15 Fire 100 | . 42 58 Melee . | . . . Ram 1 | . . 1 Kick 2 | . . 2 Crush 3 | . 3 . Escape Stasis . | . . . Rewire . | . . . Trap . | . . . Miscellaneous . | . . . Route ------- -11/Scrapyard -10/Materials (discovered 3 exits: *Mat x2 / [*Min]) -9/Materials History --------- Turn | Location | Event 21 | -11/Scrapyard | Discovered new exit (range 16) 118 | -11/Scrapyard | Entered Materials 206 | -10/Materials | Discovered new exit (range 12) 342 | -10/Materials | Build established: Mutant 432 | -10/Materials | Discovered new exit (range 5) 663 | -10/Materials | Discovered new exit (range 5) 707 | -10/Materials | Entered another Materials area 707 | -9/Materials | Evolved 2 slots: Utility x1, Weapon x1 938 | -9/Materials | Repaired Lgt. Cannon 1007 | -9/Materials | Repaired EM Pulse Gun 1172 | -9/Materials | Lost 3 parts (2n1w) 1183 | -9/Materials | Core integrity fell below 50% 1207 | -9/Materials | Core integrity fell below 20% 1212 | -9/Materials | Destroyed by B-36 Bruiser with Hammer Last Messages --------------- Assault Cannon destroyed. Acquired Flight Unit. S-10 Pest knocked back. S-10 Pest destroyed. Acquired 9 matter. Imp. Ion Engine destroyed. S-10 Pest destroyed. Assault Cannon destroyed. Acquired 15 matter. K-01 Serf collects debris. Hrd. Light Armor Plating destroyed. U-05 Engineer builds a Wall. Assault Cannon destroyed. G-47 Trooper destroyed. Acquired 44 matter. G-34 Mercenary destroyed. Acquired 34 matter. K-01 Serf collects debris. U-05 Engineer builds a Wall. K-01 Serf collects debris. Map ----- +----------------------------------------------------+ | ?????????????????????????????????????????????????? | | ?????????????????????????????????????????????????? | | ?????????????????????????????????????????????????? | | ?????????????????????????????????????????????????? | | ?????????????????????????????????????????????????? | | ?????????????????????????????????????????????????? | | ?????????????????????????????????????????????????? | | ?????????????????????????????????????????????????? | | ?????????????????????????????????????????????????? | | ?????????????????????????????????????????????????? | | ?????????????????????????????????????????????????? | | ?????????????????????????????????????????????????? | | ?????????????????"#+?????????????????????????????? | | ????????????? ? ?????????????????????????????? | | ??????????? ???????????##????????????????? | | ??????????" == ?????###### ?????????????????? | | ?????????T" = #????# ^ ??????????????????? | | ?????????? #????# ^ ??????????????????? | | ??????????? #????# ???????????????????? | | ???????????? #????# #???????????????????? | | ???????????? ###### ##??????????????????? | | ??????????? ##??????????????????? | | ??????????? [|=##??????????????????? | | ????????????????# %%!#???????????????????? | | ????????????????# #######+##???????????????????? | | ????????????????# # [!!@b[##???????????????????? | | ????????????????# %+*%s*=uk##???????????????????? | | ????????????????# #[u*g=s=##???????????????????? | | ?????????? ???#* !##########???????????????????? | | ???????? ??## ## =!????????????????????????? | | ??# ??? ??# #? "????????????????????????? | | ??# ?? ??# # "????????????????????????? | | ??# """ #?# + "????????????????????????? | | ??# """ T?# # ????????????????????????? | | ?? """ #?# ! # ?????????????????????????? | | ??? #?### ### ?????????????????????????? | | ??? ? #???# #?# ??????????????????????????? | | ???# #?# #???# #?# ??????????????????????????? | | ???# #?# #???# #?????????????????????????????? | | ???#! #?# #???# #?????????????????????????????? | | ???#=[[#?# #???#!#?????????????????????????????? | | ???#%*%#?# #??## #####?????????????????????????? | | ???#=[!### !%####=!* //#?????????????????????????? | | ####%=%"## = = //#?????????????????????????? | | ##*%*####+###### =#?????????????????????????? | | #= # [] #?????????????????????????? | | + # !!#?????????????????????????? | | =# = # !!#?????????????????????????? | | #### # = # #####?????????????????????????? | | ##??# # " " # #?????????????????????????????? | +----------------------------------------------------+ Best States ------------- Heat Dissipation 28 Energy Generation 12 Energy Capacity 265 Matter Stores 300 Matter Capacity 300 Sight Range 16 Robot Scan Range 10 Terrain Scan Density 10 Armor Coverage 150 Evasion (%) 50 Recoil Reduction 2 Item Schematics ----------------- EM Pulse Gun | -9/Materials | Scanalyzed Propulsion Shielding | -9/Materials | Scanalyzed Ion Engine | -9/Materials | Scanalyzed Lgt. Armor Plating | -9/Materials | Scanalyzed Robot Schematics ------------------ None Fabricated ------------ Nothing Alien Tech Used ----------------- None Achievements -------------- None Challenges ------------ None Game ------ Seed CloakHeatUnit Manual? 0 Play Time 00:19:32 Cumulative 4.1 hours Start 2021.08.06 @ 19:58:55 End 2021.08.06 @ 20:18:21 Sessions 1 Manual Loads 0 Difficulty Rogue Special Mode None Game No. 5 Rogue 5 Adventurer 0 Explorer 0 Win Type - Total 0 Types 0/0/0/0/0/0/0/0/0 Lore% 10 Gallery% 8 Achievement% 10 Wizard Run 0 Options --------- ASCII 0 Keyboard 0 Movement Mouse Keybinds 0 Fullscreen 1 Font 16/SmallcapsGlow Map View 50x54 Tactical HUD 0 Map Filters NONE Filters NONE Steam 1 RUN: 9d2fe4b0-0027-4e97-8710-dda1cf87070a